 Dungeon Crawl Stone Soup version 0.19-a0-1185-gacb3972 (webtiles) character file.

5926 George the Blocker (level 11, -6/89 HPs)
             Began as a Formicid Fighter on Aug 18, 2016.
             Was a Follower of Makhleb.
             Killed by divine providence
             ... invoked by an orc priest
              (14 damage)
             ... on level 10 of the Dungeon.
             The game lasted 00:19:24 (9546 turns).

George the Blocker (Formicid Fighter)               Turns: 9546, Time: 00:19:25

Health: -6/89      AC: 19    Str: 27    XL:     11   Next: 9%
Magic:  15/15      EV:  7    Int: 12    God:    Makhleb [*.....]
Gold:   559        SH: 14    Dex: 13    Spells: 0 memorised, 10 levels left

rFire  + . .     SeeInvis +     F - +0 broad axe
rCold  . . .     Gourm    .     P - +0 plate armour
rNeg   + . .     Faith    .     Q - +2 shield
rPois  .         Spirit   .     (helmet unavailable)
rElec  .         Dismiss  .     (no cloak)
rCorr  .         Reflect  .     B - +2 pair of gloves
MR     +....     Harm     .     L - +0 pair of boots
Stlth  ..........               (no amulet)
                                H - ring of New Discoveries {rN+ Str+4 Int+3 Dex+3}
                                E - ring of protection from fire

@: no status effects
A: permanent stasis, dig shafts and tunnels, four strong arms, antennae 3
a: Dig, Shaft Self, Renounce Religion


You were on level 10 of the Dungeon.
You worshipped Makhleb.
Makhleb was aware of your devotion.
You were not hungry.

You visited 2 branches of the dungeon, and saw 14 of its levels.

You collected 559 gold pieces.

Inventory:

Hand Weapons
 F - a +0 broad axe (weapon)
Missiles
 x - 2 throwing nets (quivered)
 T - 7 javelins of penetration
Armour
 B - a +2 pair of gloves (worn)
 L - a +0 pair of boots (worn)
 P - a +0 plate armour (worn)
 Q - a +2 shield (worn)
Jewellery
 m - an uncursed ring of positive energy
 E - a ring of protection from fire (left hand)
 H - the ring of New Discoveries (right hand) {rN+ Str+4 Int+3 Dex+3}
   (You found it on level 5 of the Dungeon)

   [ring of positive energy]

   It affects your strength (+4).
   It affects your intelligence (+3).
   It affects your dexterity (+3).
   It protects you from negative energy.
Wands
 C - a wand of teleportation (6/9)
 I - a wand of iceblast (8/15)
 X - a wand of disintegration (5/24)
Scrolls
 h - 2 scrolls of fog {unknown}
 j - 3 scrolls of fear {unknown}
 l - 5 scrolls of teleportation {unknown}
 o - 6 scrolls of remove curse
 s - a scroll of magic mapping {unknown}
 y - 2 scrolls of amnesia {unknown}
 A - 3 scrolls of blinking {unknown}
 G - 2 scrolls of summoning {unknown}
 K - a scroll of enchant weapon {unknown}
 O - a scroll of immolation {unknown}
 W - a scroll of recharging {unknown}
 Y - 2 scrolls of identify
Potions
 d - 2 potions of might
 q - a potion of invisibility
 r - 2 potions of flight
 t - 6 potions of agility
 N - a potion of ambrosia {unknown}
 S - a potion of beneficial mutation {unknown}
 U - 2 potions of degeneration {unknown}
 V - a potion of brilliance {unknown}
 Z - 2 potions of mutation {unknown}
Books
 R - a book of Flames

   Spells                             Type                      Level
   a - Flame Tongue                   Conjuration/Fire             1
   b - Throw Flame                    Conjuration/Fire             2
   c - Conjure Flame                  Conjuration/Fire             3
   d - Inner Flame                    Hexes/Fire                   3
   e - Sticky Flame                   Conjuration/Fire             4
   f - Fireball                       Conjuration/Fire             5
Comestibles
 f - 10 bread rations
 g - 2 royal jellies
 i - 5 meat rations
 u - 5 beef jerkies
 D - 4 fruits
 J - 2 slices of pizza


   Skills:
 + Level 9.0 Fighting
 + Level 7.9 Axes
 + Level 9.2 Armour
 + Level 9.6 Shields
 + Level 5.3 Invocations


You had 10 spell levels left.
You didn't know any spells.

Dungeon Overview and Level Annotations

Branches:
Dungeon (13/15)            Temple (1/1) D:7            Lair (0/6) D:10
    Orc: D:9-12      Vaults: D:13-14

Altars:
Ashenzari
Cheibriados
Dithmenos
Elyvilon
Fedhas
Gozag
Hepliaklqana
Kikubaaqudgha
Makhleb
Nemelex Xobeh
Okawaru
Qazlal
Ru
Sif Muna
Trog
Uskayaw
Vehumet
Xom
Yredelemnul
Zin
The Shining One

Portals:
Trove: D:10 (show abyssal rune of Zot)

Annotations:
D:8 exclusion: oklob plant
D:13 jacquesderrida's ghost, journeyman VSWn


Innate Abilities, Weirdness & Mutations

You are under a permanent stasis effect.
You can dig through walls and to a lower floor.
Your four strong arms can wield two-handed weapons with a shield.
You have a pair of large antennae on your head. (SInv)


Message History

No target in view!
The orc priest shouts!
Items here: ))) [[ a short sword; a chain mail; a dagger x2; a robe The komodo dragon hisses angrily.
You barely miss the komodo dragon. The komodo dragon bites you!
You hit the komodo dragon.
The komodo dragon is lightly wounded.
The komodo dragon bites you!!
You completely miss the komodo dragon.
The komodo dragon is lightly wounded.
The komodo dragon bites you.
The orc priest mumbles some strange prayers to Beogh against you.
Beogh smites you!
You are too injured to fight recklessly!
The komodo dragon bites you!!
* * * LOW HITPOINT WARNING * * *
The orc priest mumbles some strange prayers to Beogh against you.
Beogh smites you!
You die...

.##..........# #.≈.....###.###.
############.# #...........# ## #
###.######.....###### # #
#.......##.....# # ##
#.#.###.####.### ## .## #...# #.#
#.# ##. ..## ##..## #)#
##.#########.. ...## ###>..####.#
#........##...
....###........l@###.....##.#....
....+...........o[).........+....
....###.....###.####.#...##.#....
...## #.#.#.###.# #.###.###.##...
..## #.#.#..##.# ##.#..# #.###..
.## # #.##.##.# #..#.# #.# ##. ##
#.##.##.# #.##.###.# ## ##
#.#.......# #........# # .#
#.........# ####.#########


You could see a komodo dragon and an orc priest.

Vanquished Creatures
  3 trolls
  2 meliai (D:12)
  Sigmund (D:5)
  4 yaks
  A wyvern (D:9)
  2 hippogriffs
  An orc warrior (D:6)
  2 sky beasts (D:10)
  3 phantoms
  2 ice beasts (D:7)
  3 ogres
  2 necrophages
  3 centaurs (D:9)
  3 giant frogs (D:9)
  A wyvern zombie (D:9)
  5 scorpions
  7 howler monkeys
  4 crimson imps
  A giant frog zombie (D:6)
  2 quasits
  4 hounds
  A human zombie (D:5)
  2 jellies
  A centaur skeleton (D:7)
  4 orc priests
  2 giant frog skeletons
  2 iguanas
  12 orc wizards
  5 worker ants
  A killer bee zombie (D:8)
  A hound zombie (D:5)
  A hound skeleton (D:4)
  A worker ant zombie (D:9)
  11 adders
  7 gnolls
  An ooze (D:6)
  An adder zombie (D:5)
  4 worms
  2 adder skeletons
  2 dart slugs (D:3)
  9 giant geckos
  24 orcs
  A ball python (D:1)
  10 bats
  7 giant cockroaches
  17 goblins
  13 hobgoblins
  11 jackals
  4 quokkas
  4 giant newts
  A jackal skeleton (D:8)
  9 kobolds
  4 rats
231 creatures vanquished.

Vanquished Creatures (others)
  A human (D:5)
1 creature vanquished.

Grand Total: 232 creatures vanquished

Notes
Turn   | Place    | Note
-------+----------+-------------------------------------------
     0 | D:1      | George the Formicid Fighter began the quest for the Orb.
     0 | D:1      | Reached XP level 1. HP: 18/18 MP: 1/1
   212 | D:1      | Reached XP level 2. HP: 24/24 MP: 2/2
   498 | D:1      | Reached XP level 3. HP: 26/29 MP: 3/3
   869 | D:2      | Found a shadowy altar of Dithmenos.
   889 | D:2      | Reached XP level 4. HP: 36/37 MP: 4/4
  1810 | D:3      | Reached XP level 5. HP: 42/42 MP: 5/5
  2648 | D:3      | Reached XP level 6. HP: 48/48 MP: 6/6
  2960 | D:4      | Reached skill level 5 in Shields
  3204 | D:4      | Reached skill level 5 in Armour
  3279 | D:4      | Found a stormy altar of Qazlal.
  3350 | D:4      | Reached XP level 7. HP: 55/55 MP: 7/7
  3445 | D:5      | Entered Level 5 of the Dungeon
  3541 | D:5      | Reached skill level 5 in Fighting
  3552 | D:5      | Got a slimy jade ring
  3816 | D:5      | Found an ancient bone altar of Kikubaaqudgha.
  3818 | D:5      | Noticed a human
  3820 | D:5      | Killed a human
  4042 | D:5      | Noticed Sigmund
  4060 | D:5      | Killed Sigmund
  4060 | D:5      | Reached XP level 8. HP: 53/63 MP: 8/8
  4065 | D:5      | Identified the ring of New Discoveries {rN+ Str+4 Int+3 Dex+3} (You found it on level 5 of the Dungeon)
  4222 | D:5      | Reached skill level 5 in Axes
  4559 | D:6      | Noticed a yak
  4559 | D:6      | Noticed a yak
  4560 | D:6      | Noticed a yak
  4605 | D:6      | Noticed a yak
  4625 | D:5      | Killed a yak
  4798 | D:5      | Killed a yak
  4892 | D:6      | Killed a yak
  4892 | D:6      | Reached XP level 9. HP: 61/71 MP: 9/9
  5380 | D:7      | Found a staircase to the Ecumenical Temple.
  5404 | Temple   | Entered the Ecumenical Temple
  5506 | Temple   | Became a worshipper of Makhleb the Destroyer
  5581 | D:7      | Reached skill level 1 in Invocations
  5857 | D:7      | Found a deep blue altar of Sif Muna.
  6920 | D:8      | Found a blossoming altar of Fedhas.
  6998 | D:8      | Noticed an oklob plant
  7280 | D:8      | Reached XP level 10. HP: 62/79 MP: 12/12
  7488 | D:9      | Reached * piety under Makhleb
  8523 | D:10     | Entered Level 10 of the Dungeon
  8583 | D:10     | Found a portal to a secret trove of treasure.
  8720 | D:10     | Reached skill level 5 in Invocations
  8847 | D:10     | Found a staircase to the Lair.
  8847 | D:10     | Noticed a komodo dragon
  8848 | D:10     | Noticed a death yak
  8910 | D:10     | You fall through a shaft for 3 floors!
  9206 | D:13     | Noticed a skeletal warrior
  9245 | D:13     | Noticed jacquesderrida's ghost (journeyman VSWn)
  9248 | D:13     | Noticed a vault guard
  9248 | D:13     | Noticed a vault guard
  9249 | D:13     | Noticed a vault guard
  9249 | D:13     | Noticed a vault guard
  9265 | D:12     | Reached XP level 11. HP: 25/87 MP: 14/14
  9546 | D:10     | Killed from afar by an orc priest

Vault maps used:
D:1:      dpeg_arrival_oval, serial_bayou_pond_a
D:2:      minmay_misc_feat_pillars, grunt_dithmenos_smoke
D:4:      corexii_shack_village, lemuel_statue_altar
D:5:      first_bread, tgw_kikubaaqudgha, uniq_sigmund
D:6:      kennysheep_generic_room_15
D:7:      basic_altar
D:8:      tgw_fedhas
D:10:     dpeg_lair_monsters, nicolae_trove_entry_diagonal
D:11:     orc_0_dummy, serial_shops, nicolae_shop_behind_doors, basic_altar,
          hangedman_little_slice_of_home
D:13:     lightli_vaults_fourway_checkpoint
Temple:   kilobyte_greek_temple

Skill      XL: |  1  2  3  4  5  6  7  8  9 10 11 |
---------------+----------------------------------+-----
Shields        | 4 5 6 7 8 9 |  9.6
Armour         | 4 5 6 7 9 |  9.2
Fighting       | 4 5 6 7 8 9 |  9.0
Axes           | 3 4 5 6 7 |  7.9
Invocations    | 2 5 |  5.3

Action                   |  1- 3 |  4- 6 |  7- 9 | 10-12 || total
-------------------------+-------+-------+-------+-------++-------
Melee: War axe           |   115 |   296 |   364 |   254 ||  1029
       Broad axe         |       |       |       |    14 ||    14
 Abil: Dig               |       |     1 |     2 |       ||     3
       Shaft Self        |       |       |       |     1 ||     1
  Use: Scroll            |       |       |     6 |       ||     6
       Potion            |       |       |       |     5 ||     5
  Eat: Chunk             |       |     9 |    12 |     9 ||    30
Armor: Scale mail        |    13 |       |       |       ||    13
       Chain mail        |    71 |   171 |    93 |       ||   335
       Plate armour      |       |       |    90 |   175 ||   265
Dodge: Dodged            |    54 |    86 |    82 |   104 ||   326
Block: Shield            |    71 |   159 |   210 |   279 ||   719
